 Dungeon Crawl Stone Soup version 0.28.0-53-g5a82cb258f (webtiles) character file.

Game seed: 10802830158221743162

135 Sin92 the Skirmisher (level 4, 0/36 HPs)
             Began as a Demonspawn Fighter on Aug 15, 2022.
             Slain by Sigmund
             ... wielding a +1 scythe of freezing
              (8 damage)
             ... on level 3 of the Dungeon on Aug 16, 2022.
             The game lasted 00:03:52 (3040 turns).

Sin92 the Skirmisher (Demonspawn Fighter)           Turns: 3040, Time: 00:03:53

Health: 0/36       AC:  9    Str: 18    XL:     4   Next: 96%
Magic:  4/4        EV:  6    Int: 10    God:
Gold:   58         SH:  0    Dex: 12    Spells: 3/3 levels left

rFire   . . .      SeeInvis .   a - +0 war axe
rCold   . . .      Faith    .   c - +0 buckler
rNeg    . . .      Spirit   .   m - +0 chain mail
rPois   .          Reflect  .   (no helmet)
rElec   .          Harm     .   (no cloak)
rCorr   .          Rampage  .   (no gloves)
Will    .....                   (no boots)
Stlth   ..........              f - amulet of regeneration
HPRegen 0.92/turn               (no ring)
MPRegen 0.09/turn               (no ring)

@: confused, mighty
A: claws 1
a: no special abilities


You were on level 3 of the Dungeon.
You visited 1 branch of the dungeon, and saw 3 of its levels.

You collected 58 gold pieces.

Inventory:

Hand Weapons
 a - a +0 war axe (weapon)
Armour
 b - a +0 scale mail
 c - a +0 buckler (worn)
 m - a +0 chain mail (worn)
Jewellery
 f - an amulet of regeneration (around neck)
Scrolls
 e - a scroll of teleportation {unknown}
 g - 2 scrolls of identify {unknown}
 h - 2 scrolls of enchant weapon {unknown}
 i - a scroll of noise {unknown}
 k - a scroll of blinking {unknown}
Potions
 j - a potion of curing
 l - 2 potions of magic {unknown}
 n - a potion of resistance {unknown}
 o - a potion of mutation {unknown}


   Skills:
 + Level 3.6 Fighting
 * Level 3.3 Axes
 + Level 3.3 Armour
 + Level 3.3 Shields


You had 3 spell levels left.
You didn't know any spells.
Your spell library was empty.

Dungeon Overview and Level Annotations

Branches:
Dungeon (3/15)

Altars:

Annotations:
D:3 Sigmund


Innate Abilities, Weirdness & Mutations

You have sharp fingernails.


Message History

The jackal is heavily wounded.
You block the jackal's attack. The jackal barely misses you.
Sigmund barely misses you.
You barely miss the jackal.
The jackal is heavily wounded.
The jackal bites you but does no damage. x2
Sigmund gestures at you while chanting. The puff of flame hits you!
You slash the jackal!
You kill the jackal!
Sigmund gestures wildly while chanting.
Sigmund flickers and vanishes!
Deactivating autopickup; reactivate with Ctrl-A.
Something hits you but does no damage.
You see here a bat corpse.
You miss something. Something hits you but does no damage.
You barely miss something. Something hits you but does no damage.
You barely miss something. Something hits you. Something freezes you.
You closely miss something.
You hear some strange, mumbled words.
A magic dart appears from out of thin air!
The magic dart hits you.
You slash something! Something hits you but does no damage.
You slash something! Something hits you! Something freezes you.
You barely miss something.
You hear some strange, mumbled words.
You are confused.
You're too confused to move!
Something hits you.
* * * LOW HITPOINT WARNING * * *
Something freezes you.
* * * LOW HITPOINT WARNING * * *
You're too confused to move!
You hear some strange, mumbled words.
A magic dart appears from out of thin air!
The magic dart hits you.
* * * LOW HITPOINT WARNING * * *
Something hits you but does no damage.
You're too confused to move!
Something hits you!
You die...

... ##.# #<.#
#..# ## #..###
.....###....####
................
.....###†#....$.
.##...@......##
......{.......#
................
................
................
....###.....^...
.... .......#..
... .......#..


There were no monsters in sight!

Vanquished Creatures
  Terence (D:2)
  Robin (D:2)
  2 adders (D:2)
  2 worms (D:2)
  An orc (D:2)
  5 ball pythons
  5 endoplasms
  A giant cockroach (D:2)
  13 goblins
  10 hobgoblins
  4 jackals (D:3)
  5 kobolds
  2 quokkas
  8 bats
  3 frilled lizards
  5 rats
68 creatures vanquished.

Notes
Turn   | Place    | Note
-------+----------+-------------------------------------------
     0 | D:1      | Sin92 the Demonspawn Fighter began the quest for the Orb.
     0 | D:1      | Reached XP level 1. HP: 18/18 MP: 1/1
   575 | D:1      | Gained mutation: You have sharp fingernails. [demonic
                  | ancestry]
   575 | D:1      | Reached XP level 2. HP: 24/24 MP: 2/2
  1489 | D:1      | Reached XP level 3. HP: 28/29 MP: 3/3
  1560 | D:1      | Found a faded altar of an unknown god.
  1916 | D:2      | Noticed Robin
  1930 | D:2      | Killed Robin
  1944 | D:2      | Reached XP level 4. HP: 15/35 MP: 4/4
  2625 | D:2      | Noticed Terence
  2635 | D:2      | Killed Terence
  3018 | D:3      | Noticed Sigmund
  3040 | D:3      | Slain by Sigmund

Illustrated notes

Levels and vault maps discovered:
D:1:      minmay_arrival_diagonal_passages, layout_loops_ring,
          chequers_ecumenical_altar_lobes
D:2:      layout_loops_cross, minmay_tree_intersection, uniq_terence, uniq_robin
D:3:      layout_basic, uniq_sigmund

Skill      XL: |  1  2  3  4 |
---------------+-------------+-----
Axes           | 2 3 |  3.3
Armour         | 3 |  3.3
Shields        | 3 |  3.3
Fighting       | |  3.6

Action                   |  1- 3 |  4- 6 || total
-------------------------+-------+-------++-------
Melee: War axe           |   175 |    53 ||   228
  Use: Potion            |     1 |     1 ||     2
Armor: Scale mail        |    93 |    14 ||   107
       Chain mail        |       |    25 ||    25
Dodge: Dodged            |    65 |    21 ||    86
Block: Buckler           |    39 |    11 ||    50
